 Dungeon Crawl Stone Soup version 0.31-a0-851-g7ff8af7976 (webtiles) character file.

Game seed: 6290397635309674879

3915 Dirtsage the Cleaver (level 10, 70/70 HPs)
             Began as a Demonspawn Berserker on Oct 6, 2023.
             Was an Elder of Trog.
             Quit the game on level 8 of the Dungeon.
             The game lasted 00:09:30 (6825 turns).

Dirtsage the Cleaver (Demonspawn Berserker)         Turns: 6825, Time: 00:09:30

Health: 70/70      AC:  8    Str: 22    XL:     10   Next: 1%
Magic:  10/10      EV: 16    Int: 13    God:    Trog [****..]
Gold:   451        SH:  0    Dex: 12    Spells: 9/9 levels left

rFire   . . .        r - +0 war axe (pain)
rCold   . . .        (no shield)
rNeg    . . .        p - +0 swamp dragon scales
rPois   +            (no helmet)
rElec   .            (no cloak)
rCorr   .            (gloves unavailable)
SInv    .            o - +0 pair of boots
Will    .....        (no amulet)
Stlth   +            e - +5 ring of evasion
HPRegen 0.31/turn    (no ring)
MPRegen 0.12/turn

%: no passive effects
@: no status effects
A: demonic guardian 1, big brain 2, demonic touch 3
a: Renounce Religion, Berserk, Trog's Hand, Brothers in Arms


You were on level 8 of the Dungeon.
You worshipped Trog.
Trog was greatly pleased with you.
You visited 2 branches of the dungeon, and saw 9 of its levels.

You collected 607 gold pieces.
You spent 156 gold pieces at shops.

Inventory:

Hand Weapons
 a - a +0 hand axe
 r - a +0 war axe of pain (weapon)
Missiles
 v - 3 silver javelins
Armour
 o - a +0 pair of boots (worn)
 p - +0 swamp dragon scales (worn)
Jewellery
 e - a +5 ring of evasion (left hand)
 m - a +6 ring of intelligence
 W - a ring of wizardry
Wands
 s - a wand of mindburst (13)
Scrolls
 c - 3 scrolls of vulnerability
 d - 3 scrolls of poison
 g - 2 scrolls of fear
 i - 6 scrolls of identify
 j - 2 scrolls of immolation
 k - a scroll of noise
 t - 4 scrolls of teleportation
 u - a scroll of acquirement {unknown}
 w - a scroll of silence {unknown}
Potions
 b - 2 potions of lignification {unknown}
 f - 3 potions of attraction
 h - 3 potions of enlightenment
 l - 2 potions of heal wounds
 n - a potion of cancellation {unknown}
 q - 2 potions of curing


   Skills:
 - Level 3.0 Fighting
 + Level 13.4 Axes
 - Level 1.7 Armour
 - Level 1.7 Dodging


You had 9 spell levels left.
You didn't know any spells.
Your spell library contained the following spells:

 Spells                   Type           Power      Damage    Failure   Level
 Dazzling Flash           Conj/Hex       0%         N/A       83%         3
 Inner Flame              Hex/Fire       0%         N/A       83%         3
 Flame Wave               Conj/Fire      0%         2d4       99%         4
 Sticky Flame             Conj/Fire      0%         2d3       99%         4
 Agony                    Necr           0%         N/A       100%        5
 Silence                  Hex/Air        0%         N/A       100%        5


Dungeon Overview and Level Annotations

Branches:
Dungeon (8/15)             Temple (1/1) D:7
   Lair: D:8-11

Altars:
Ashenzari
Cheibriados
Dithmenos
Fedhas
Gozag
Hepliaklqana
Kikubaaqudgha
Makhleb
Nemelex Xobeh
Okawaru
Qazlal
Ru
Uskayaw
Vehumet
Wu Jian
Xom
Yredelemnul

Shops:
D:1 ?   D:5 !

Annotations:
D:4 2 transporters, matthes123's ghost, amateur GnSh
D:6 1 runed translucent door


Innate Abilities, Weirdness & Mutations

A weak demonic guardian rushes to your aid.
You have an extremely huge brain. (Int +4)
Your touch may irresistibly damage your foes and sap their willpower.


Message History

Trog accepts your kill.
You miss the bullfrog. The bullfrog completely misses you.
You closely miss the bullfrog.
You touch the bullfrog!
You sap its willpower!
The bullfrog is heavily wounded.
The bullfrog barely misses you.
You slash the bullfrog! Your touch misses the bullfrog.
The bullfrog is almost dead.
The bullfrog hits you.
You take 3 damage, and have 49/63 hp.
You slash the bullfrog!
You kill the bullfrog!
Trog accepts your kill.
No target in view!
You see here 3 silver javelins.
v - 3 silver javelins HP restored.
w - a scroll labelled VOUGAE YNONG Health restored: 63 A bullfrog comes into view.
The bullfrog gives a loud, deep croak!
A bullfrog is nearby!
The bullfrog hits you.
You take 5 damage, and have 58/63 hp.
You slash the bullfrog!
The bullfrog is heavily wounded.
The bullfrog hits you.
You take 3 damage, and have 55/63 hp.
You hit the bullfrog.
You touch the bullfrog.
You kill the bullfrog!
Trog accepts your kill.
You have reached level 10!
Your demonic ancestry asserts itself...
You feel the presence of a demonic guardian.
You regained 6 hp, and now have 61/70 hp.
MP restored: 10 You now have 451 gold pieces (gained 11).
c - 3 scrolls of vulnerability (gained 1)
A sky beast comes into view.
Health restored: 70 Are you sure you want to abandon this character and quit the game? (Confirm with "yes".)

....... #......#
..Y........#......#
...........#......#
...........#....).#
......^...##......#
.....⌠..P..#......#
........~..#......#
.......P~P.#......#
#.@P..#......#
#+...##......#
##...#......#
#...........#
#............#
...............#
................#
..###...##......#
.. #...##......#


You could see a sky beast (wandering).

Vanquished Creatures
  Pikel (D:4)
  Maggie (D:6)
  3 wyverns (D:7)
  2 ice beasts
  A centaur (D:7)
  An ogre (D:6)
  A phantom (D:6)
  4 lemures (D:4)
  4 bullfrogs (D:8)
  15 scorpions
  7 wights
  A howler monkey (D:7)
  3 jellies
  4 orc priests
  3 hounds
  A sleepcap (D:7)
  5 iguanas
  3 orc wizards
  10 adders
  4 gnolls (D:5)
  2 white imps
  2 ufetubi (D:6)
  A worm (D:3)
  2 dart slugs
  15 orcs
  5 bats
  5 endoplasms
  4 giant cockroaches
  3 hobgoblins
  8 jackals
  2 quokkas (D:3)
  8 ball pythons
  7 frilled lizards
  11 goblins
  9 kobolds
  5 rats
  2 butterflies (D:6)
165 creatures vanquished.

Notes
Turn   | Place    | Note
-------+----------+-------------------------------------------
     0 | D:1      | Dirtsage the Demonspawn Berserker began the quest for the
                  | Orb.
     0 | D:1      | Reached XP level 1. HP: 18/18 MP: 1/1
    95 | D:1      | Reached skill level 3 in Axes
   235 | D:1      | Gained mutation: Your touch may inflict minor irresistible
                  | damage on your foes. [demonic ancestry]
   235 | D:1      | Reached XP level 2. HP: 24/24 MP: 2/2
   680 | D:1      | Found a faded altar of an unknown god.
   883 | D:1      | Found Ikig's Magic Scroll Emporium.
   886 | D:1      | Bought a scroll of identify for 26 gold pieces
   886 | D:1      | Bought a scroll of identify for 26 gold pieces
  1096 | D:2      | Reached ** piety under Trog
  1155 | D:2      | Reached XP level 3. HP: 29/29 MP: 3/3
  1286 | D:2      | Reached skill level 4 in Axes
  1771 | D:3      | Gained mutation: Your touch may inflict irresistible damage
                  | on your foes. [demonic ancestry]
  1771 | D:3      | Reached XP level 4. HP: 35/35 MP: 4/4
  1969 | D:3      | Noticed a scorpion
  1974 | D:3      | Killed a scorpion
  1975 | D:3      | Reached skill level 5 in Axes
  2012 | D:3      | Reached XP level 5. HP: 40/41 MP: 5/5
  2081 | D:3      | Found a sparkling altar of Nemelex Xobeh.
  2495 | D:4      | Reached skill level 6 in Axes
  2495 | D:4      | Gained mutation: You have an unusually large brain. (Int
                  | +2) [demonic ancestry]
  2495 | D:4      | Reached XP level 6. HP: 28/47 MP: 6/6
  2639 | D:4      | Reached *** piety under Trog
  2776 | D:4      | Noticed matthes123's ghost (amateur GnSh)
  2791 | D:4      | Found a transporter.
  2905 | D:4      | Found a snail-covered altar of Cheibriados.
  2990 | D:4      | Found a transporter.
  3176 | D:4      | Noticed Pikel
  3188 | D:4      | Killed Pikel
  3189 | D:4      | Reached skill level 8 in Axes
  3189 | D:4      | Gained mutation: Your touch may irresistibly damage your
                  | foes and sap their willpower. [demonic ancestry]
  3189 | D:4      | Reached XP level 7. HP: 45/52 MP: 7/7
  3433 | D:5      | Entered Level 5 of the Dungeon
  3618 | D:5      | Found Uxenit's Distillery.
  3626 | D:5      | Found a basalt altar of Yredelemnul.
  3628 | D:5      | Bought a potion of heal wounds for 65 gold pieces
  3628 | D:5      | Bought a potion of curing for 39 gold pieces
  3763 | D:5      | Reached skill level 9 in Axes
  3763 | D:5      | Reached XP level 8. HP: 42/58 MP: 8/8
  4328 | D:6      | Found a shimmering altar of Xom.
  4516 | D:6      | Noticed Maggie
  4527 | D:6      | Killed Maggie
  4528 | D:6      | Reached skill level 10 in Axes
  4666 | D:6      | Found a runed translucent door.
  4668 | D:6      | Found a runed translucent door.
  4832 | D:6      | Reached skill level 11 in Axes
  4968 | D:6      | Gained mutation: You have an extremely huge brain. (Int +4)
                  | [demonic ancestry]
  4968 | D:6      | Reached XP level 9. HP: 62/63 MP: 9/9
  5359 | D:6      | Reached **** piety under Trog
  5368 | D:6      | Reached skill level 12 in Axes
  5579 | D:7      | Found a staircase to the Ecumenical Temple.
  5603 | Temple   | Entered the Ecumenical Temple
  5646 | D:7      | Found a hide-covered altar of Uskayaw.
  5821 | D:7      | Found a large runed translucent door.
  5821 | D:7      | Found a large runed translucent door.
  5936 | D:7      | Reached skill level 13 in Axes
  6464 | D:7      | Found an ornate altar of the Wu Jian Council.
  6653 | D:7      | Found a hazy altar of Hepliaklqana.
  6776 | D:8      | Gained mutation: A weak demonic guardian rushes to your
                  | aid. [demonic ancestry]
  6776 | D:8      | Reached XP level 10. HP: 61/70 MP: 10/10
  6825 | D:8      | Quit the game

Illustrated notes

Levels and vault maps discovered:
D:1:      sevenhm_arrival_forest_fort_large_2, layout_loops_ring,
          chequers_ecumenical_altar_grove, serial_shops, nicolae_shop_rolled_up,
          minmay_door_square
D:2:      layout_basic
D:3:      layout_rooms, marbit_many_paths, serial_aquarium,
          aquarium_bridge_square [aquarium_subvault_wall,
          aquarium_subvault_bridge, aquarium_subvault_wall,
          aquarium_subvault_window], aquarium_bridge_long_separate
          [aquarium_subvault_wall, aquarium_subvault_balcony,
          aquarium_subvault_bridge, aquarium_subvault_window,
          aquarium_subvault_bridge, aquarium_subvault_wall], aquarium_window_2,
          aquarium_window_corridor_3, aquarium_window_1, aquarium_window_fake,
          aquarium_view_2b
D:4:      layout_loops_ring, kennysheep_slug_shrine, gammafunk_ghost_mausoleum,
          nicolae_half_adder, uniq_pikel
D:5:      layout_basic, yredelemnul_altar_generic, serial_shops, shop,
          feat_on_display
D:6:      lemuel_insect_pit, layout_basic,
          mainiacjoe_overflow_concentric_impassable, uniq_maggie
D:7:      layout_loops_corners, nicolae_wu_jian_immortal_techniques,
          mainiacjoe_overflow_catwalk, jmf_multi_god_temple2,
          minmay_temple_entry_wispy, minivault_23, minivault_26,
          minmay_misc_feat_cross
D:8:      layout_gridville, tso_oasis_becter, david_lair_shrubbed, uniq_maurice,
          uniq_erica
Temple:   minmay_temple_curvy_loop

Skill      XL: |  1  2  3  4  5  6  7  8  9 |
---------------+----------------------------+-----
Axes           | 3 4 5 6 8 9 11 13 | 13.4
Fighting       | |  3.0
Armour         | |  1.7
Dodging        | |  1.7

Action                     |  1- 3 |  4- 6 |  7- 9 | 10-12 || total
---------------------------+-------+-------+-------+-------++-------
  Melee: Hand axe          |   101 |   149 |    91 |       ||   341
         Punch             |     1 |     1 |     4 |       ||     6
         Touch             |    10 |    27 |    42 |       ||    79
         War axe           |       |       |   127 |       ||   127
 Invoke: Berserk           |       |     4 |     3 |       ||     7
    Use: Scroll            |     1 |     3 |     4 |       ||     8
   Stab: Sleeping          |     1 |       |       |       ||     1
 Armour: Animal skin       |    46 |       |       |       ||    46
         Chain mail        |     3 |    89 |    47 |       ||   139
         Swamp dragon scal |       |       |    72 |       ||    72
  Dodge: Dodged            |    88 |    96 |   119 |       ||   303

Table legend: (Time is in decaauts)
 A = Elapsed time spent in this place.
 B = Non-inter-level travel time spent in this place.
 C = Inter-level travel time spent in this place.
 D = Time resting spent in this place.
 E = Time spent auto-exploring this place.
 F = Levels seen in this place.
 G = Mean time per level.
                   A        B        C        D        E       F      G
               +--------+--------+--------+--------+--------+-----+--------+
         Total |   6877 |   6722 |    155 |    200 |   5505 |   9 |  764.1 |
       Dungeon |   6875 |   6720 |    155 |    200 |   5505 |   8 |  859.4 |
        Temple |      1 |      1 |      0 |      0 |      0 |   1 |    1.0 |
               +--------+--------+--------+--------+--------+-----+--------+

Top non-repeatable levels by time:
     D:6: 1292 daAuts
     D:7: 1228 daAuts
     D:4: 1184 daAuts
     D:1: 1036 daAuts
     D:5: 751 daAuts
     D:2: 661 daAuts
     D:3: 603 daAuts
     D:8: 118 daAuts
  Temple: 1 daAuts
